Unix NetHack Version 5.0.0-0 post-release - last build May 30 2026 05:04:26 (55804bc15828dd6e32e9076e0726aa6fccb6e981,branch:main).

Game began 2026-05-30 23:49:42, ended 2026-05-31 00:32:59.

DaveT, lawful male human Priest

                                                     -----
                                                     |....##   --------
   ----                                   -----      |..<| ##  |......|
   |..|         ^                         |...|######....|  ##q@...>...#
   |..|      ---|----------              #-....#     --.--     ------|-#
   -)--     #%..[.........-##            #|...|     ####             # #
    [       [|............| #           ##---.-    ##                  #
    %       #|............| #          ##    ##%#######                #
    [       #|............| #          #          #   #                #
    #     ###|..........).| ##         #       ####   #                #
    #   ###  --------------  #  #    ###    ---.------+----           ##
    #  ##                    # -|--- #      |.............|           #
  --.--)                     # |....########..............|           #-------
  |...|#                     ##-...| #      |.............|           #|.....|
  |....#                       |...-##      |..e..........|           #|.....|
  |...|                        |...|        |.............|           #-.....|
  |...|                        -----        ---------------            -------
  |...|
  -----

DaveT the Adept              St:15 Dx:16 Co:15 In:11 Wi:18 Ch:12  Lawful
Dlvl:7  $:6755 HP:0(64) Pw:120(120) AC:-2 Xp:9 T:7594  Burdened

Latest messages:
 You hit the wood golem!
 You hit the wood golem!
 You hit the wood golem!
 The wood golem hits!
 The wood golem hits!
 You destroy the wood golem!
 There are several objects here.
 The soldier wields a spear!
 The black unicorn vanishes!
 You hit the soldier!
 You hit the soldier!
 The soldier thrusts her spear.
 The soldier misses!
 The soldier thrusts her spear.
 The soldier hits!
 You miss the soldier.
 The soldier thrusts her spear.
 The soldier hits!
 What do you want to read? [jnxyGNUX or ?*] y
 As you read the scroll, it disappears.
 Where do you want to be teleported?
 (For instructions type a '?')
 Move cursor to the desired position:
 You materialize in a different location!
 You climb up the stairs.
 You remember this level as empty vault.
 What do you want to drink? [IQSV or ?*] I
 You feel better.
 What do you want to drink? [IQSV or ?*] I
 You feel better.
 The garter snake just misses!
 You kill the garter snake!
 You fall down the stairs.
 You remember this level as empty vault.
 The leocrotta hits!
 The leocrotta bites!
 The leocrotta hits!
 You hit the leocrotta!
 The leocrotta hits!
 The leocrotta bites!
 The leocrotta hits!
 The leocrotta hits!
 The leocrotta bites!
 The leocrotta misses!
 Are you sure you want to pray? [yn] (n) y
 You begin praying to Mitra.
 The leocrotta hits!
 You die...
 Do you want your possessions identified? [ynq] (y) y
 Do you want to see your attributes? [ynq] (y) q

Inventory:
 Coins    ('$')
  $ - 6755 gold pieces
 Weapons  (')')
  L - 10 blessed +1 darts
  H - 17 +0 darts
  M - 4 +0 daggers
  P - a +0 orcish dagger
  B - the +3 Sting (at the ready)
  R - a +0 aklys
  a - a blessed +3 mace (weapon in right hand)
 Armor    ('[')
  C - a +0 orcish helm (being worn)
  c - a +0 dwarvish roundshield (being worn)
  k - a +0 mummy wrapping
  b - a blessed burnt +1 robe (being worn)
  T - a blessed +5 leather armor (being worn)
 Comestibles  ('%')
  m - a slime mold
  e - a clove of garlic
  z - 3 food rations
  f - a sprig of wolfsbane
  i - a lizard corpse
 Scrolls  ('?')
  x - a blessed scroll of enchant armor
  G - a scroll of enchant armor
  n - a scroll of food detection
  X - 4 blessed scrolls of identify
  j - a cursed scroll of identify
  N - a scroll of magic mapping
  U - a scroll of teleportation
 Potions  ('!')
  Q - a cursed potion of object detection
  V - a potion of water
  S - a potion of unholy water
 Rings    ('=')
  K - a ring of searching
 Wands    ('/')
  g - a wand of digging (0:4)
  o - a wand of fire (0:0)
  F - a wand of opening (0:5)
  Y - a wand of speed monster (0:1)
  J - a blessed wand of stasis (0:2)
  O - a wand of teleportation (0:6)
 Tools    ('(')
  W - an oil lamp
  h - a +0 pick-axe
  A - a stethoscope
  D - a towel
 Gems/Stones  ('*')
  E - 2 opals

DaveT the Priest's attributes:

Background:
 You were an Adept, a level 9 human Priest.
 You were lawful, on a mission for Mitra
 who was opposed by Crom (neutral) and Set (chaotic).
 You were right-handed.
 You were in the Dungeons of Doom, on level 7.
 You entered the dungeon 7594 turns ago.
 It was the midnight hour.
 You had 3441 experience points, 1679 more were needed to attain level 10.

Basics:
 You had 0 out of 64 hit points.
 You had all 120 energy points (spell power).
 Your armor class was -2.
 Your wallet contained 6755 zorkmids.
 Autopickup was off.

Final Characteristics:
 Your strength was 15 (limit:18/100).
 Your dexterity was 16 (peak:17, limit:18).
 Your constitution was 15 (limit:18).
 Your intelligence was 11 (limit:18).
 Your wisdom was 18 (limit:18).
 Your charisma was 12 (limit:18).

Final Status:
 You weren't hungry.
 You were burdened; movement was slightly slowed.
 You were wielding a mace.
 You had expert skill with mace.

Final Attributes:
 You were piously aligned.
 You were guarded.
 Your spell casting was enhanced by wearing a robe.
 You are dead.

Miscellaneous:
 You didn't encounter any bones levels.
 Total elapsed playing time was 43 minutes and 16 seconds.

Major events:
 Turn
    1: DaveT the lawful human Priest entered the dungeon
  663: performed his first genocide (class L)
 1329: attained the rank of Acolyte (level 3)
 1580: entered the Gnomish Mines
 1722: found Sting on the floor
 3061: attained the rank of Adept (level 6)
 7594: killed by a leocrotta, while praying

Spells:
 Name                 Level Category     Fail Retention
 protection             1   clerical      59%   61%-70%
 cure blindness         2   healing       61%   51%-75%
 healing                1   healing       53%  76%-100%

Skills:
 Fighting Skills
   bare handed combat [Unskilled]
 Weapon Skills
   club               [Unskilled]
   mace               [Expert]
   morning star       [Unskilled]
   flail              [Unskilled]
   hammer             [Unskilled]
   quarterstaff       [Unskilled]
   polearms           [Unskilled]
   spear              [Unskilled]
   trident            [Unskilled]
   lance              [Unskilled]
   bow                [Unskilled]
   sling              [Unskilled]
   crossbow           [Unskilled]
   dart               [Unskilled]
   shuriken           [Unskilled]
   boomerang          [Unskilled]
   unicorn horn       [Unskilled]
 Spellcasting Skills
   healing spells     [Unskilled]
   divination spells  [Unskilled]
   clerical spells    [Basic]

Voluntary challenges:
 Character rerolling was not enabled.
 You genocided 4 types of monsters.
 You never polymorphed an object.
 You never changed form.
 You used no wishes.
Achievements:
 You attained the rank of Acolyte.
 You entered the Gnomish Mines.
 You attained the rank of Adept.
 You entered a shop.

 The Dungeons of Doom: levels 1 to 9
    Level 1:
       A fountain.
    Level 2:
       A fountain, a sink.
    Level 3:
       A fountain, a sink.
    Level 4:
       A fountain.
       Stairs down to The Gnomish Mines.
    Level 5:
       A fountain.
    Level 6: "empty vault"
       A fountain.
    Level 7: "empty vault" <- You were here.
       Final resting place for
          you, killed by a leocrotta, while praying.
    Level 8: "vault"
       A scroll shop, some fountains, a grave.
    Level 9:
 The Gnomish Mines: levels 5 to 6
    Level 5:
    Level 6:


Vanquished creatures:
  5 small mimics
  a wood golem
  a leocrotta
  a red naga
  a leather golem
  a quivering blob
 12 leprechauns
  a vampire bat
  2 gnome rulers
 an ogre
  3 Green-elves
  2 lizards
  a dog
  a dust vortex
  a raven
  a gnome mummy
  a rope golem
  a Woodland-elf
 an imp
  a quasit
  a water nymph
  2 Uruk-hai
  2 rock piercers
  a rock mole
  a fog cloud
  a yellow light
  a violet fungus
  5 gnome leaders
  a gnomish wizard
  a kobold mummy
  a ghoul
  5 giant ants
  5 dwarves
  a homunculus
  a kobold leader
  a kobold shaman
  4 hill orcs
  4 rothes
  5 giant bats
  2 orc zombies
  4 dwarf zombies
  a wererat
  a werejackal
  2 iguanas
  3 killer bees
  2 gas spores
  a manes
  4 giant rats
  3 cave spiders
  a brown mold
 16 gnomes
  8 garter snakes
  7 geckos
  8 jackals
  a fox
  a kobold
  2 goblins
  2 sewer rats
  5 grid bugs
 11 lichens
  6 newts
173 creatures vanquished.

Genocided species:
 arch-liches
 master liches
 demiliches
 liches
4 species genocided.

Game over:
                       ----------
                      /          \
                     /    REST    \
                    /      IN      \
                   /     PEACE      \
                  /                  \
                  |      DaveT       |
                  |     6755 Au      |
                  |   killed by a    |
                  |    leocrotta     |
                  |                  |
                  |                  |
                  |       2026       |
                 *|     *  *  *      | *
        _________)/\\_//(\/(/\)/\//\/|_)_______

Goodbye DaveT the Priest...

You died in The Dungeons of Doom on dungeon level 7 with 16498 points,
and 6755 pieces of gold, after 7594 moves.
You were level 9 with a maximum of 64 hit points when you died.

